 Dungeon Crawl Stone Soup version 0.32-a0-975-g85d4e5bfdb (webtiles) character file.

Game seed: 4506760047379785780

337 Griffin23 the Slasher (level 6, -2/56 HPs)
             Began as a Minotaur Fighter on Apr 19, 2024.
             Incinerated by a bombardier beetle (5 damage)
             ... with a burning spray
             ... on level 4 of the Dungeon.
             The game lasted 00:03:02 (2014 turns).

Griffin23 the Slasher (Minotaur Fighter)            Turns: 2014, Time: 00:03:02

Health: -2/56      AC:  7    Str: 22    XL:     6   Next: 28%
Magic:  1/5        EV: 22    Int:  5    God:
Gold:   185        SH:  8    Dex: 10    Spells: 5/5 levels left

rFire   . . .        a - +0 long sword
rCold   . . .        s - +0 kite shield
rNeg    + . .        b - +0 scale mail
rPois   .            (helmet restricted)
rElec   .            (no cloak)
rCorr   .            (no gloves)
SInv    .            (no boots)
Will    .....        o - amulet of the acrobat Stlth
                     q - ring of positive energy
HPRegen 0.29/turn    (no ring)
MPRegen 0.09/turn

%: acrobat
@: mighty, on fire, acrobatic, glowing
A: horns 2, retaliatory headbutt
a: no special abilities


You were on level 4 of the Dungeon.
You visited 1 branch of the dungeon, and saw 4 of its levels.

You collected 185 gold pieces.

Inventory:

Hand Weapons
 a - a +0 long sword (weapon)
Armour
 b - a +0 scale mail (worn)
 c - a +0 buckler
 l - a +2 buckler
 s - a +0 kite shield (worn)
Jewellery
 k - a ring of ice
 m - a ring of magical power
 o - an amulet of the acrobat (around neck)
 q - a ring of positive energy (left hand)
Wands
 r - a wand of paralysis (13)
Scrolls
 e - a scroll of amnesia {unknown}
 f - 4 scrolls of identify {unknown}
 j - a scroll of teleportation {unknown}
 n - a scroll of noise {unknown}
 p - a scroll of fear {unknown}
Potions
 h - a potion of invisibility {unknown}
 i - a potion of curing {unknown}


   Skills:
 + Level 5.0 Fighting
 * Level 5.3 Long Blades
 + Level 5.0 Armour
 + Level 5.0 Shields


You had 5 spell levels left.
You didn't know any spells.
Your spell library contained the following spells:

 Spells                   Type           Power      Damage    Failure   Level
 Sandblast                Erth           0%         2d4       96%         1
 Passwall                 Erth           0%         N/A       100%        3
 Stone Arrow              Conj/Erth      0%         3d7       100%        3


Dungeon Overview and Level Annotations

Branches:
Dungeon (4/15)
 Temple: D:4-7

Altars:

Shops:
D:1 *


Innate Abilities, Weirdness & Mutations

You have a pair of horns on your head.
You reflexively headbutt those who attack you in melee.


Message History

You slash Edmund!
Edmund is heavily wounded.
Edmund barely misses you. You furiously retaliate!
You headbutt Edmund!!
The bombardier beetle sprays incendiary fluid at you.
The burning spray hits you.
You are covered in liquid fire!
You block Edmund's attack.
You slash Edmund!
You kill Edmund!
The liquid fire burns you!
* * * LOW HITPOINT WARNING * * *
The bombardier beetle bites you but does no damage.
Your Long Blades skill increases to level 5!
Your Armour skill increases to level 5!
You have reached level 6!
Okay, then.
You slash the bombardier beetle! You headbutt the bombardier beetle.
The bombardier beetle is almost dead.
The liquid fire burns you!
* * * LOW HITPOINT WARNING * * *
The bombardier beetle sprays incendiary fluid at you.
The burning spray hits you.
You are even more covered in liquid fire!
It was a potion of heal wounds.
You feel much better. The liquid fire burns you!
You barely miss the bombardier beetle. You headbutt the bombardier beetle.
You kill the bombardier beetle!
The liquid fire burns you!
* * * LOW HITPOINT WARNING * * *
Your Fighting skill increases to level 5!
Your Shields skill increases to level 5!
You shake off some of the fire as you move.
The liquid fire burns you!
* * * LOW HITPOINT WARNING * * *
You shake off some of the fire as you move.
The liquid fire burns you!
* * * LOW HITPOINT WARNING * * *
You shake off some of the fire as you move.
The liquid fire burns you!
You die...

#.#
#####...).##
#.# #####†.#
###.### ##.#
###.#...# ..
#.....### #.
#.#...#### #
#.#.#....#
#......).#
###.##.@.#
#.##...#
#.##..$#####
#...)<.....#
####..)###..#
###.# . .# .#
..


There were no monsters in sight!

Vanquished Creatures
  Edmund (D:4)
  A centaur (D:4)
  A bombardier beetle (D:4)
  4 adders
  A dart slug (D:1)
  3 ribbon worms (D:2)
  6 orcs
  5 endoplasms
  3 giant cockroaches
  7 goblins
  5 hobgoblins
  5 kobolds
  5 quokkas
  4 ball pythons
  3 bats
  2 frilled lizards
  7 rats
63 creatures vanquished.

Notes
Turn   | Place    | Note
-------+----------+-------------------------------------------
     0 | D:1      | Griffin23 the Minotaur Fighter began the quest for the Orb.
     0 | D:1      | Reached XP level 1. HP: 19/19 MP: 0/0
   111 | D:1      | Found Copacsuu's Assorted Antiques.
   140 | D:1      | Reached XP level 2. HP: 23/27 MP: 1/1
   519 | D:2      | Reached XP level 3. HP: 32/33 MP: 2/2
  1316 | D:3      | Reached XP level 4. HP: 40/40 MP: 3/3
  1622 | D:4      | Noticed a centaur
  1630 | D:4      | Killed a centaur
  1631 | D:4      | Reached XP level 5. HP: 16/47 MP: 4/4
  1955 | D:4      | Noticed Edmund
  2008 | D:4      | Killed Edmund
  2009 | D:4      | Reached skill level 5 in Long Blades
  2009 | D:4      | Reached skill level 5 in Armour
  2009 | D:4      | Reached XP level 6. HP: 8/55 MP: 0/5
  2012 | D:4      | Reached skill level 5 in Fighting
  2012 | D:4      | Reached skill level 5 in Shields
  2014 | D:4      | Incinerated by a bombardier beetle

Illustrated notes

Levels and vault maps discovered:
D:1:      evilmike_arrival_crescent, layout_rooms, serial_shops, shop,
          minivault_4, nicolae_concentric_dashed_squares_wild
D:2:      layout_loops_ring, corexii_item_surrounded_by_moat
D:3:      layout_rooms, serial_corexii_hall, corexii_hall_statues_deadend,
          corexii_hall_statues_t, chequers_hall_statues_wall_a,
          chequers_hall_statues_wall_a
D:4:      layout_basic, minmay_temple_entry_statues_fountains, uniq_edmund,
          uniq_sigmund

Skill      XL: |  1  2  3  4  5  6 |
---------------+-------------------+-----
Long Blades    | 3 4 5 |  5.3
Fighting       | 4 5 |  5.0
Armour         | 4 5 |  5.0
Shields        | 4 5 |  5.0

Action                     |  1- 3 |  4- 6 || total
---------------------------+-------+-------++-------
  Melee: Long sword        |    96 |    50 ||   146
         Headbutt          |    11 |     7 ||    18
    Use: Potion            |       |     3 ||     3
 Armour: Scale mail        |    74 |    39 ||   113
  Dodge: Dodged            |    39 |    26 ||    65
  Block: Buckler           |    27 |     7 ||    34
         Kite shield       |       |    17 ||    17

Table legend: (Time is in decaauts)
 A = Elapsed time spent in this place.
 B = Non-inter-level travel time spent in this place.
 C = Inter-level travel time spent in this place.
 D = Time resting spent in this place.
 E = Time spent auto-exploring this place.
 F = Levels seen in this place.
 G = Mean time per level.
                   A        B        C        D        E       F      G
               +--------+--------+--------+--------+--------+-----+--------+
         Total |   2054 |   2024 |     30 |    261 |   1324 |   4 |  513.5 |
       Dungeon |   2054 |   2024 |     30 |    261 |   1324 |   4 |  513.5 |
               +--------+--------+--------+--------+--------+-----+--------+

Top non-repeatable levels by time:
     D:2: 693 daAuts
     D:1: 487 daAuts
     D:3: 450 daAuts
     D:4: 422 daAuts
